[Event "42nd Olympiad Baku 2016 Open"]
[Site "Baku"]
[Date "2016.09.04"]
[Round "3.36"]
[White "Gonzales, Dennis"]
[Black "Borigas, Edgardo"]
[Result "0-1"]
[ECO "D13"]
[WhiteElo "1651"]
[BlackElo "1894"]
[Annotator ""]
[PlyCount "110"]
[EventDate "2016.??.??"]
[EventCountry "AZE"]
[SourceTitle "playchess.com"]
[Source "ChessBase"]
[WhiteTeam "PLW"]
[BlackTeam "HKG"]
[BlackTeamCountry "HKG"]
[TimeControl "40/5400+30:1800+30"]

1. d4 {(00:00)} d5 {(00:00)} 2. c4 {(00:00)} c6 {(
00:00)} 3. cxd5 {(01:24)} cxd5 {(00:00)} 4. Nc3 {(00:30)}
Nf6 {(00:10)} 5. Nf3 {(00:21)} e6 {(00:55)} 6. Bg5 {
(00:24)} h6 {(01:04)} 7. Bh4 {(00:08)} Be7 {(01:47]
} 8. e3 {(00:28)} Bd7 {(01:58)} 9. Be2 {(00:38)} O-O {
(00:31)} 10. O-O {(00:08)} Nc6 {(00:20)} 11. Ne5 {(
03:21)} Nxe5 {(00:59)} 12. dxe5 {(00:23)} Ne8 {(01:29)}
13. Bxe7 {(00:44)} Qxe7 {(00:03)} 14. f4 {(00:36)} f6 {
(02:05)} 15. Qd4 {(01:38)} Nc7 {(03:25)} 16. a4 {(
01:43)} b6 {(01:16)} 17. Bd3 {(00:42)} Qc5 {(01:32)} 18.
Rf3 {(03:08)} f5 {(00:33)} 19. b4 {(02:15)} Qe7 {(
04:17)} 20. Rh3 {(01:34)} Rfc8 {(02:17)} 21. Rf1 {(03:37)}
a5 {(03:33)} 22. b5 {(03:33)} Ne8 {(01:01)} 23. Rhf3 {
(07:31)} Qb4 {(02:43)} 24. Ne2 {(00:53)} Qc5 {(07:
03)} 25. Rc1 {(05:38)} Qxd4 {(00:09)} 26. exd4 {(00:21)}
Rxc1+ {(00:09)} 27. Nxc1 {(00:16)} Rc8 28. Ne2 {(00:34)}
Kf7 {(01:26)} 29. Rf1 {(00:06)} g5 {(01:06)} 30. g3 {
(00:24)} Kg6 {(00:26)} 31. Rc1 {(01:21)} Rxc1+ {(
00:38)} 32. Nxc1 {(00:01)} gxf4 {(00:05)} 33. gxf4 {(00:
56)} Ng7 {(03:47)} 34. Kg2 {(01:07)} Be8 {(00:36)} 35. Ne2
{(01:23)} Kh5 {(02:26)} 36. Kg3 {(02:55)} Kg6 {(01:
02)} 37. Kf3 {(02:06)} Kh7 {(00:13)} 38. Ng3 {(01:21)} Nh5
{(00:45)} 39. Be2 {(01:41)} Ng7 {(00:41)} 40. Kg2 {
(00:00)} Bf7 {(00:00)} 41. Nf1 {(05:23)} Bh5 {(10:
13)} 42. Bxh5 {(02:13)} Nxh5 {(00:01)} 43. Kf3 {(00:25)}
Ng7 {(00:16)} 44. Nd2 {(11:43)} Ne8 {(00:33)} 45. Nb3 {
(02:05)} Nc7 {(00:30)} 46. Nc5 {(05:05)} Kg7 {(12:
24)} 47. Ke3 {(11:42)} bxc5 {(07:48)} 48. dxc5 {(00:20)}
Kf7 {(00:06)} 49. Kd4 {(11:30)} Ke7 {(00:42)} 50. c6 {
(02:22)} Kd8 {(02:46)} 51. Kc5 {(01:30)} Kc8 {(02:
55)} 52. Kd4 {(04:07)} Na8 {(00:40)} 53. Kc5 {(03:16)} Kc7
{(00:19)} 54. b6+ {(01:34)} Nxb6 {(00:06)} 55. Kb5 {
(00:05)} d4 0-1

[Event "42nd Olympiad Baku 2016 Open"]
[Site "Baku"]
[Date "2016.09.04"]
[Round "3.19"]
[White "Gourlay, Iain"]
[Black "Ble, Kouko Hubert"]
[Result "1-0"]
[ECO "A05"]
[WhiteElo "2393"]
[BlackElo "1918"]
[Annotator ""]
[PlyCount "121"]
[EventDate "2016.??.??"]
[EventCountry "AZE"]
[SourceTitle "playchess.com"]
[Source "ChessBase"]
[WhiteTeam "SCO"]
[BlackTeam "CIV"]
[WhiteTeamCountry "SCO"]
[TimeControl "40/5400+30:1800+30"]

1. Nf3 {(00:00)} Nf6 {(00:00)} 2. c4 {(00:18)} c5 {
(00:00)} 3. g3 {(00:33)} g6 {(00:23)} 4. d4 {(02:
48)} Nc6 {(01:33)} 5. d5 {(05:20)} Na5 {(00:28)} 6. Nc3 {
(20:46)} Bg7 {(06:27)} 7. e4 {(02:18)} d6 {(05:50)}
8. Bd3 {(08:02)} O-O {(02:41)} 9. h3 {(11:54)} Nd7 {
(02:19)} 10. Bf4 {(07:00)} a6 {(05:28)} 11. Rb1 {(
04:38)} Rb8 {(06:09)} 12. Qd2 {(05:35)} b5 {(01:30)} 13.
cxb5 {(04:23)} c4 {(00:24)} 14. Bc2 {(08:52)} axb5 {
(03:19)} 15. O-O {(03:30)} Nc5 {(05:15)} 16. Kg2 {(
00:32)} b4 {(25:37)} 17. Ne2 {(00:09)} Ba6 {(10:34)} 18.
b3 {(00:17)} c3 {(00:28)} 19. Qe3 {(00:32)} Qb6 {(
04:48)} 20. Rfd1 {(02:03)} Bxe2 {(03:22)} 21. Qxe2 {(00:
17)} Nd7 {(02:21)} 22. Be3 {(03:15)} Qb7 {(02:01)} 23. Bd4
{(01:02)} Ne5 {(03:35)} 24. Bxe5 {(04:00)} dxe5 {(
00:56)} 25. Ne1 {(00:45)} Qb6 {(00:25)} 26. Ra1 {(01:57)}
Qd6 {(01:23)} 27. Bd3 {(00:24)} Rfc8 {(00:18)} 28. Nc2 {
(00:15)} Bh6 {(02:25)} 29. Rdb1 {(00:40)} Rc7 {(02:
36)} 30. a3 {(01:14)} bxa3 {(00:41)} 31. Rxa3 {(00:09)}
Nb7 {(00:12)} 32. b4 {(00:23)} Nd8 {(01:00)} 33. Ra6 {
(01:02)} Qd7 {(01:03)} 34. b5 {(00:41)} f5 {(00:42]
} 35. b6 {(01:03)} Rcb7 {(00:24)} 36. exf5 {(00:24)} Qxd5+
{(00:27)} 37. Be4 {(00:42)} Qd2 {(00:07)} 38. Qxd2 {
(00:28)} cxd2 {(00:10)} 39. Bxb7 {(00:12)} Nxb7 {(
00:09)} 40. fxg6 {(00:00)} hxg6 {(00:00)} 41. Ra7 {(00:49]
} Kf7 {(01:16)} 42. Ne3 {(05:39)} Ke6 {(02:47)} 43. Ra2 {
(01:46)} Nd6 {(02:02)} 44. Rxd2 {(00:57)} Bxe3 {(
00:18)} 45. fxe3 {(00:19)} Nc4 {(00:26)} 46. Ra2 {(05:00)}
Nxe3+ {(01:24)} 47. Kf2 {(04:35)} Nc4 {(01:01)} 48. Ra4 {
(00:39)} Nd6 {(00:29)} 49. h4 {(00:49)} e4 {(01:32]
} 50. g4 {(01:20)} Ke5 {(09:00)} 51. Ke3 {(02:13)} Rb7 {
(02:25)} 52. Ra5+ {(01:04)} Ke6 {(00:36)} 53. Rc5 {
(00:55)} Kd7 {(00:21)} 54. h5 {(01:34)} gxh5 {(01:
12)} 55. gxh5 {(00:13)} e6 {(02:17)} 56. h6 {(02:53)} Kd8
{(12:17)} 57. Rc7 {(04:12)} Rxc7 {(00:53)} 58. bxc7+ {
(00:13)} Kxc7 {(00:07)} 59. h7 {(00:35)} Nf7 {(00:
10)} 60. Rg1 {(00:26)} Kd6 {(01:12)} 61. Rg7 1-0

[Event "42nd Olympiad Baku 2016 Open"]
[Site "Baku"]
[Date "2016.09.04"]
[Round "3.13"]
[White "Hasford, John Kojo"]
[Black "Michaelides, Konstantinos"]
[Result "1/2-1/2"]
[ECO "E21"]
[WhiteElo "1970"]
[BlackElo "2060"]
[Annotator ""]
[PlyCount "106"]
[EventDate "2016.??.??"]
[EventCountry "AZE"]
[SourceTitle "playchess.com"]
[Source "ChessBase"]
[WhiteTeam "Ghana"]
[BlackTeam "Cyprus"]
[WhiteTeamCountry "GHA"]
[BlackTeamCountry "CYP"]
[TimeControl "40/5400+30:1800+30"]

1. d4 {(00:00)} Nf6 {(00:00)} 2. Nf3 {(00:00)} e6 {
(00:00)} 3. c4 {(00:15)} Bb4+ {(00:10)} 4. Nc3 {(
01:18)} O-O {(02:23)} 5. Bd2 {(00:09)} d5 {(01:16)} 6. e3
{(00:35)} c5 {(00:35)} 7. a3 {(01:53)} Bxc3 {(01:
58)} 8. Bxc3 {(00:18)} Ne4 {(03:16)} 9. Qc2 {(03:07)} Nxc3
{(06:08)} 10. Qxc3 {(00:41)} cxd4 {(00:27)} 11. exd4 {
(00:16)} Nc6 {(01:40)} 12. Be2 {(00:48)} Ne7 {(06:
57)} 13. O-O {(00:31)} Ng6 {(00:33)} 14. Rfe1 {(03:25)}
dxc4 {(02:17)} 15. Bxc4 {(00:06)} b6 {(00:16)} 16. Bd3 {
(10:50)} Bb7 {(00:33)} 17. Be4 {(00:25)} Bxe4 {(01:
16)} 18. Rxe4 {(00:03)} Qd5 {(00:27)} 19. Qe3 {(05:39)}
Rac8 {(05:07)} 20. Ne5 {(03:13)} Rc2 {(16:08)} 21. Nd3 {
(09:25)} a5 {(06:03)} 22. Re1 {(04:12)} Rd8 {(11:
54)} 23. g3 {(03:46)} h5 {(04:29)} 24. h4 {(08:25)} Rc4 {
(05:34)} 25. Ne5 {(05:12)} Nxe5 {(03:38)} 26. dxe5 {
(09:08)} Rxe4 {(02:37)} 27. Qxe4 {(00:04)} Qb3 {(
00:16)} 28. Qe2 {(01:42)} g6 {(02:00)} 29. Rc1 {(01:06)}
Rd4 {(02:12)} 30. Qc2 {(09:33)} Qd5 {(01:19)} 31. Qc7 {
(02:46)} Kg7 {(05:08)} 32. Qxb6 {(01:21)} Qxe5 {(
00:08)} 33. b4 {(00:21)} axb4 {(02:10)} 34. axb4 {(00:02)}
Rd3 {(02:20)} 35. Qc5 {(01:18)} Qxc5 {(02:05)} 36. bxc5 {
(00:02)} Rd7 {(00:07)} 37. Kg2 {(00:25)} e5 {(01:
19)} 38. Kf3 {(00:44)} f5 {(00:29)} 39. Rb1 {(01:32)} Rd3+
{(03:33)} 40. Ke2 {(00:00)} Rc3 {(00:00)} 41. Rb7+ {
(00:39)} Kf6 {(01:09)} 42. Rb6+ {(00:41)} Kf7 {(03:
26)} 43. c6 {(00:39)} Ke6 {(02:10)} 44. c7+ {(00:17)} Kd5
{(00:04)} 45. Rxg6 {(01:26)} Rxc7 {(00:35)} 46. Rg5 {
(01:24)} Ke4 {(01:55)} 47. f3+ {(00:41)} Kd4 {(00:
03)} 48. Rxf5 {(00:03)} Rc2+ 49. Kf1 {(11:56)} Ke3 {(01:
09)} 50. Kg1 {(00:44)} Ra2 {(03:02)} 51. g4 {(07:32)} hxg4
{(00:46)} 52. fxg4 {(00:02)} Ra4 {(00:21)} 53. Rxe5+ {
(00:21)} Kf3 {(00:04)} 1/2-1/2

[Event "42nd Olympiad Baku 2016 Open"]
[Site "Baku"]
[Date "2016.09.04"]
[Round "3.16"]
[White "Hassan Abubaker abdalmalik Al"]
[Black "Schenaoui Nabil"]
[Result "1/2-1/2"]
[ECO "B07"]
[WhiteElo "2167"]
[BlackElo "2150"]
[Annotator ""]
[PlyCount "120"]
[EventDate "2016.??.??"]
[EventCountry "AZE"]
[SourceTitle "playchess.com"]
[Source "ChessBase"]
[WhiteTeam "Sudan"]
[BlackTeam "Tunisia"]
[WhiteTeamCountry "SUD"]
[BlackTeamCountry "TUN"]
[TimeControl "40/5400+30:1800+30"]

1. e4 {(01:15)} d6 {(00:03)} 2. d4 {(01:01)} Nf6 {(
00:13)} 3. Nc3 {(00:38)} Nbd7 {(00:58)} 4. Bc4 {(09:04)}
e5 {(03:11)} 5. Nf3 {(01:09)} Be7 {(00:09)} 6. Bxf7+ {
(21:08)} Kxf7 {(00:11)} 7. Ng5+ {(00:05)} Kg8 {(00:
49)} 8. Ne6 {(00:20)} Qe8 {(00:27)} 9. Nxc7 {(00:12)} Qg6
{(00:57)} 10. Nxa8 {(00:33)} Qxg2 {(00:50)} 11. Rf1 {
(00:27)} exd4 {(00:40)} 12. Qe2 {(03:06)} h6 {(22:
48)} 13. f3 {(02:00)} Qg6 {(04:08)} 14. Nb5 {(03:07)} Ne5
{(02:04)} 15. Nxd4 {(01:19)} Bh3 {(03:28)} 16. Rh1 {
(03:52)} Qg2 {(08:39)} 17. Qxg2 {(02:16)} Bxg2 {(
00:02)} 18. Rg1 {(00:22)} Nxf3+ {(02:31)} 19. Nxf3 {(00:
50)} Bxf3 {(00:02)} 20. Be3 {(02:30)} Nxe4 {(01:47)} 21.
Nc7 {(10:58)} Bh4+ {(02:56)} 22. Kf1 {(00:24)} Kf7 {
(01:45)} 23. Nb5 {(03:09)} Bh5 {(08:52)} 24. Nc3 {(
04:19)} Nxc3 {(01:13)} 25. bxc3 {(00:04)} Rc8 {(03:37)}
26. Bd4 {(00:28)} g5 {(00:34)} 27. Rg2 {(02:28)} Bf3 {
(05:26)} 28. Rd2 {(01:23)} g4 {(01:21)} 29. Kg1 {(
03:27)} d5 {(01:56)} 30. Rb1 {(01:34)} b6 {(00:37)} 31. a4
{(00:35)} Bg5 {(00:25)} 32. Rf2 {(00:20)} Rc7 {(02:
35)} 33. Rb5 {(01:48)} Ke6 {(01:03)} 34. a5 {(02:23)} bxa5
{(00:42)} 35. Rxa5 {(00:27)} Rb7 {(00:43)} 36. c4 {
(11:01)} dxc4 {(01:39)} 37. Rxa7 {(00:33)} Rxa7 {(
03:37)} 38. Bxa7 {(00:13)} h5 {(02:19)} 39. Rf1 {(04:41)}
Be4 {(03:15)} 40. Re1 {(00:00)} Kd5 {(00:00)} 41. Rd1+ {
(01:30)} Ke6 {(02:52)} 42. Re1 {(00:49)} Kd5 {(01:
01)} 43. Rb1 {(04:55)} Bf6 {(05:47)} 44. Rb5+ {(02:00)}
Ke6 {(00:44)} 45. Rb4 {(02:59)} Kd5 {(00:40)} 46. Rb5+ {
(00:37)} Ke6 {(00:07)} 47. Rb6+ {(05:42)} Kf5 {(01:
23)} 48. Rb5+ {(01:33)} Ke6 {(00:33)} 49. Rxh5 {(03:12)}
Bxc2 {(00:20)} 50. Kf2 {(00:35)} Bf5 {(00:50)} 51. Be3 {
(02:26)} c3 {(03:44)} 52. Rh6 {(01:22)} Kf7 {(00:
43)} 53. Rh5 {(02:45)} Kg6 {(00:14)} 54. Rh6+ {(00:28)}
Kg7 {(00:35)} 55. Rh5 {(08:32)} Kg6 {(00:05)} 56. Rh6+ {
(00:54)} Kg7 {(00:04)} 57. Bc1 {(01:52)} c2 {(01:
22)} 58. Be3 {(00:48)} Kf7 {(01:56)} 59. Rxf6+ {(00:26)}
Kxf6 {(00:03)} 60. Ke2 {(00:16)} Ke5 {(00:13)} 1/2-1/2

[Event "42nd Olympiad Baku 2016 Open"]
[Site "Baku"]
[Date "2016.09.04"]
[Round "3.12"]
[White "Hesham, Abdelrahman"]
[Black "Leon Rodriguez, Orlando"]
[Result "1-0"]
[ECO "D30"]
[WhiteElo "2419"]
[BlackElo "2197"]
[Annotator ""]
[PlyCount "51"]
[EventDate "2016.??.??"]
[EventCountry "AZE"]
[SourceTitle "playchess.com"]
[Source "ChessBase"]
[WhiteTeam "EGY"]
[BlackTeam "PAN"]
[WhiteTeamCountry "EGY"]
[BlackTeamCountry "ESP"]
[TimeControl "40/5400+30:1800+30"]

1. d4 {(00:00)} d5 {(00:00)} 2. c4 {(00:00)} c6 {(
00:00)} 3. Nf3 {(00:00)} Nf6 {(00:03)} 4. e3 {(00:00)} e6
{(00:13)} 5. Bd3 {(00:00)} Nbd7 {(01:52)} 6. O-O {(
00:18)} dxc4 {(03:31)} 7. Bxc4 {(00:08)} b5 {(00:09)} 8.
Bd3 {(00:49)} Bb7 {(00:07)} 9. a4 {(00:12)} a6 {(
00:28)} 10. e4 {(08:54)} Be7 {(01:17)} 11. Qe2 {(02:23)}
O-O {(06:49)} 12. Nbd2 {(07:36)} Re8 {(07:11)} 13. Nb3 {
(00:42)} Qb8 {(02:11)} 14. Na5 {(06:31)} Bb4 {(01:
33)} 15. Nxb7 {(01:47)} Qxb7 {(00:02)} 16. e5 {(13:05)}
Nd5 {(00:20)} 17. Ng5 {(00:23)} Nf8 {(01:17)} 18. Qh5 {
(00:45)} g6 {(01:03)} 19. Qh6 {(01:08)} Qb6 {(08:
23)} 20. Be3 {(10:56)} c5 {(08:03)} 21. Ne4 {(00:21)} cxd4
{(06:07)} 22. Nf6+ {(00:21)} Kh8 {(00:16)} 23. Bg5 {
(01:14)} Be7 {(03:51)} 24. Be4 {(07:31)} Rad8 {(15:
11)} 25. Bxd5 {(00:34)} exd5 {(00:12)} 26. Nxe8 {(00:07)}
1-0

[Event "42nd Olympiad Baku 2016 Open"]
[Site "Baku"]
[Date "2016.09.04"]
[Round "3.7"]
[White "Hj, Azahari Md Aliuddin"]
[Black "Jelic, Dejan"]
[Result "1-0"]
[ECO "B51"]
[WhiteElo "2004"]
[BlackElo "1956"]
[Annotator ""]
[PlyCount "77"]
[EventDate "2016.??.??"]
[EventCountry "AZE"]
[SourceTitle "playchess.com"]
[Source "ChessBase"]
[WhiteTeam "Brunei"]
[BlackTeam "Liechtenstein"]
[WhiteTeamCountry "BRN"]
[BlackTeamCountry "LIE"]
[TimeControl "40/5400+30:1800+30"]

1. e4 {(00:00)} c5 {(00:00)} 2. Nf3 {(00:00)} d6 {(
00:00)} 3. Bb5+ {(03:50)} Nd7 {(00:20)} 4. O-O {(01:41)}
a6 {(00:19)} 5. Bxd7+ {(04:17)} Qxd7 {(06:05)} 6. d4 {
(06:44)} cxd4 {(01:09)} 7. Qxd4 {(00:38)} e5 {(05:
09)} 8. Qd3 {(02:19)} Qc6 {(10:51)} 9. Re1 {(21:41)} Be7 {
(07:46)} 10. Nc3 {(05:35)} Be6 {(05:45)} 11. Ng5 {(
13:57)} Bc4 {(05:17)} 12. Qg3 {(10:29)} Rc8 {(07:49)} 13.
Bd2 {(04:26)} h6 {(02:19)} 14. Nf3 {(02:53)} g5 {(
02:38)} 15. h3 {(02:25)} Nf6 {(03:49)} 16. Nh2 {(00:42)}
b5 {(04:39)} 17. a3 {(02:34)} Nh5 {(06:06)} 18. Qf3 {
(00:37)} Nf4 {(01:07)} 19. Bxf4 {(01:36)} gxf4 {(
00:43)} 20. Qh5 {(02:21)} Rg8 {(04:04)} 21. Ng4 {(03:36)}
Rg5 {(01:03)} 22. Qxh6 {(00:29)} Rg6 {(01:09)} 23. Qh5 {
(02:18)} Kd7 {(03:46)} 24. Rad1 {(01:02)} Kc7 {(00:
10)} 25. Nd5+ {(00:42)} Bxd5 {(00:20)} 26. Rxd5 {(00:49)}
Rcg8 {(01:30)} 27. Rd3 {(00:46)} Qe8 {(03:55)} 28. Nh2 {
(03:55)} Rxg2+ {(01:20)} 29. Kh1 {(00:06)} R8g5 {(
02:22)} 30. Qd1 {(00:48)} Qg8 {(00:52)} 31. Ng4 {(00:44)}
R2xg4 {(01:11)} 32. hxg4 {(00:35)} Qh7+ {(01:00)} 33. Kg2
{(00:34)} Qh4 {(00:42)} 34. Qf3 {(00:42)} Rxg4+ {(
01:07)} 35. Kf1 {(00:05)} Qg5 {(04:36)} 36. Ke2 {(00:12)}
Qg6 {(01:37)} 37. c4 {(01:16)} bxc4 {(01:23)} 38. Rc1 {
(00:10)} d5 {(00:31)} 39. Rxd5 {(00:30)} 1-0

[Event "42nd Olympiad Baku 2016 Open"]
[Site "Baku"]
[Date "2016.09.04"]
[Round "3.30"]
[White "Ip, Seng Tou"]
[Black "Obodchuk, Andrei"]
[Result "0-1"]
[ECO "B23"]
[WhiteElo "1675"]
[BlackElo "2402"]
[Annotator ""]
[PlyCount "72"]
[EventDate "2016.??.??"]
[EventCountry "AZE"]
[SourceTitle "playchess.com"]
[Source "ChessBase"]
[WhiteTeam "MAC"]
[BlackTeam "IPCA"]
[WhiteTeamCountry "MAC"]
[BlackTeamCountry "RUS"]
[TimeControl "40/5400+30:1800+30"]

1. e4 {(00:00)} c5 {(00:00)} 2. Nc3 {(00:00)} e6 {(
00:31)} 3. f4 {(01:01)} a6 {(01:17)} 4. a4 {(02:11)} d5 {
(00:17)} 5. d3 {(02:21)} Nc6 {(03:06)} 6. Nf3 {(00:
45)} Nf6 {(00:15)} 7. e5 {(01:58)} Nd7 {(01:13)} 8. Be2 {
(08:40)} g6 {(08:16)} 9. O-O {(01:03)} Bg7 {(00:22]
} 10. b3 {(04:46)} O-O {(01:29)} 11. Bb2 {(01:10)} f6 {
(00:34)} 12. exf6 {(02:08)} Nxf6 {(00:22)} 13. Rb1 {
(12:43)} d4 {(02:10)} 14. Na2 {(01:48)} Nd5 {(00:
12)} 15. Bc1 {(11:25)} Nxf4 {(00:50)} 16. Bxf4 {(00:05)}
Rxf4 {(00:09)} 17. Qd2 {(02:13)} e5 {(02:29)} 18. g3 {
(02:06)} Rf8 {(00:59)} 19. Nh4 {(02:24)} Bh3 {(00:
40)} 20. Rxf8+ {(02:31)} Qxf8 {(00:14)} 21. Bf3 {(00:33)}
Bh6 {(00:34)} 22. Qe2 {(01:07)} Qf6 {(01:53)} 23. Ng2 {
(03:23)} Rf8 {(05:30)} 24. Bd5+ {(01:36)} Kg7 {(00:
56)} 25. Bxc6 {(00:22)} Qxc6 {(01:14)} 26. b4 {(13:27)}
Bxg2 {(01:09)} 27. Qxg2 {(01:02)} Be3+ {(00:07)} 28. Kh1 {
(00:17)} Qxg2+ {(00:03)} 29. Kxg2 {(00:09)} Rf2+ {(
00:03)} 30. Kh3 {(00:41)} Rxc2 {(00:07)} 31. bxc5 {(00:14]
} Rxa2 {(00:10)} 32. Rxb7+ {(00:06)} Kh6 {(00:05)} 33. c6
{(01:17)} Rc2 {(00:06)} 34. Rb6 {(00:39)} e4 {(01:
32)} 35. dxe4 {(01:14)} d3 {(00:07)} 36. Rb3 {(00:47)} d2
{(00:08)} 0-1

[Event "42nd Olympiad Baku 2016 Open"]
[Site "Baku"]
[Date "2016.09.04"]
[Round "3.22"]
[White "Jessel, Stephen"]
[Black "Aguilar, Luis Miguel"]
[Result "1-0"]
[ECO "B39"]
[WhiteElo "2367"]
[BlackElo "2301"]
[Annotator ""]
[PlyCount "62"]
[EventDate "2016.??.??"]
[EventCountry "AZE"]
[SourceTitle "playchess.com"]
[Source "ChessBase"]
[WhiteTeam "Ireland"]
[BlackTeam "Bolivia"]
[WhiteTeamCountry "IRL"]
[BlackTeamCountry "BOL"]
[TimeControl "40/5400+30:1800+30"]

1. Nf3 {(00:00)} g6 {(00:00)} 2. e4 {(00:00)} c5 {(
00:00)} 3. c4 {(02:56)} Bg7 {(00:00)} 4. d4 {(00:09)} cxd4
{(00:14)} 5. Nxd4 {(00:07)} Nc6 {(00:33)} 6. Be3 {(
00:20)} Nf6 {(07:52)} 7. Nc3 {(00:15)} Ng4 {(11:14)} 8.
Qxg4 {(00:53)} Nxd4 {(00:22)} 9. Qd1 {(00:41)} Nc6 {
(01:50)} 10. Rc1 {(03:14)} O-O {(07:42)} 11. Be2 {(
01:02)} b6 {(06:16)} 12. O-O {(02:52)} Bb7 {(00:30)} 13.
Qd2 {(04:44)} d6 {(12:29)} 14. Rfd1 {(08:26)} Re8 {
(08:27)} 15. b3 {(02:47)} Qd7 {(08:54)} 16. h3 {(
09:04)} h5 {(05:58)} 17. Bh6 {(22:10)} Bh8 {(02:33)} 18.
Nd5 {(15:06)} Nd4 {(09:36)} 19. Bxh5 {(18:47)} Bxd5 {
(11:05)} 20. cxd5 {(02:04)} Kh7 {(02:19)} 21. Bg4 {
(03:15)} f5 {(00:17)} 22. exf5 {(00:19)} gxf5 {(01:
56)} 23. Bh5 {(00:14)} Rg8 {(00:11)} 24. Be3 {(00:32)} Nb5
{(01:10)} 25. Bf7 {(00:56)} Rg7 {(00:29)} 26. Be6 {
(00:22)} Qe8 {(00:32)} 27. Bxf5+ {(00:22)} Kg8 {(
00:13)} 28. Be6+ {(00:24)} Kf8 {(00:08)} 29. a4 {(01:41)}
Qg6 {(00:50)} 30. g3 {(00:28)} Na3 {(00:35)} 31. Qa2 {
(00:45)} Qe4 1-0

[Event "42nd Olympiad Baku 2016 Open"]
[Site "Baku"]
[Date "2016.09.04"]
[Round "3.18"]
[White "Jones, Rupert"]
[Black "Vandenbussche, Thibaut"]
[Result "0-1"]
[ECO "B06"]
[WhiteElo "1851"]
[BlackElo "2401"]
[Annotator ""]
[PlyCount "86"]
[EventDate "2016.??.??"]
[EventCountry "AZE"]
[SourceTitle "playchess.com"]
[Source "ChessBase"]
[WhiteTeam "Papua New Guinea"]
[BlackTeam "Belgium"]
[WhiteTeamCountry "PNG"]
[BlackTeamCountry "BEL"]
[TimeControl "40/5400+30:1800+30"]

1. e4 {(00:00)} g6 {(00:00)} 2. Nc3 {(00:09)} Bg7 {
(00:00)} 3. g3 {(00:05)} c5 {(00:26)} 4. Bg2 {(00:
07)} Nc6 {(00:10)} 5. d3 {(00:41)} e6 {(01:55)} 6. Be3 {
(02:38)} d6 {(01:09)} 7. Qd2 {(04:01)} Rb8 {(02:37]
} 8. Nf3 {(01:44)} Nd4 {(02:09)} 9. Bxd4 {(02:28)} cxd4 {
(00:13)} 10. Nb5 {(00:08)} Qb6 {(10:31)} 11. Qb4 {(
03:23)} Kd7 {(00:23)} 12. e5 {(01:55)} Bxe5 {(01:58)} 13.
Qa4 {(11:30)} Ke7 {(00:55)} 14. Nxe5 {(07:01)} dxe5 {
(00:11)} 15. Qa3+ {(08:25)} Kf6 {(05:07)} 16. Nd6 {
(07:30)} Nh6 {(00:15)} 17. Nc4 {(00:36)} Qc7 {(03:
29)} 18. Qxa7 {(02:33)} Nf5 {(09:52)} 19. O-O {(01:37)}
Kg7 {(00:17)} 20. Rae1 {(10:14)} f6 {(00:36)} 21. Re4 {
(13:27)} Bd7 {(07:49)} 22. f4 {(02:05)} exf4 {(01:
17)} 23. Rexf4 {(03:59)} e5 {(01:50)} 24. R4f2 {(00:23)}
h5 {(07:17)} 25. a3 {(02:40)} Rhf8 {(04:51)} 26. Be4 {
(04:10)} Bb5 {(12:48)} 27. Qb6 {(03:53)} Qxb6 {(00:
59)} 28. Nxb6 {(00:01)} Ne3 {(01:18)} 29. Re1 {(01:46)} f5
{(00:12)} 30. Bh1 {(00:52)} Rbd8 {(02:19)} 31. c4 {
(00:38)} Bc6 {(03:34)} 32. b4 {(00:29)} Bxh1 {(02:
19)} 33. Kxh1 {(00:02)} h4 {(04:31)} 34. Rfe2 {(01:51)}
hxg3 {(01:33)} 35. hxg3 {(00:05)} f4 {(00:11)} 36. Nd5 {
(01:53)} g5 {(06:37)} 37. gxf4 {(02:21)} exf4 {(00:
47)} 38. Nc7 {(00:51)} Rf6 {(00:55)} 39. Rg1 {(00:21)} g4
{(00:46)} 40. Nd5 {(00:00)} Rh6+ {(00:00)} 41. Rh2 {
(03:20)} Rxh2+ {(01:03)} 42. Kxh2 {(00:01)} g3+ {(
00:02)} 43. Kh3 {(00:26)} Rh8# 0-1

[Event "42nd Olympiad Baku 2016 Open"]
[Site "Baku"]
[Date "2016.09.04"]
[Round "3.8"]
[White "Jose Queralto, Daniel"]
[Black "Karimov, Alisher"]
[Result "0-1"]
[ECO "B32"]
[WhiteElo "2107"]
[BlackElo "2119"]
[Annotator ""]
[PlyCount "73"]
[EventDate "2016.??.??"]
[EventCountry "AZE"]
[SourceTitle "playchess.com"]
[Source "ChessBase"]
[WhiteTeam "Andorra"]
[BlackTeam "Tajikistan"]
[WhiteTeamCountry "AND"]
[BlackTeamCountry "TJK"]
[TimeControl "40/5400+30:1800+30"]

1. e4 {(00:00)} c5 {(00:00)} 2. Nf3 {(00:00)} Nc6 {
(00:00)} 3. d4 {(00:00)} cxd4 {(00:00)} 4. Nxd4 {(
00:00)} e5 {(00:13)} 5. Nb5 {(00:00)} d6 {(00:18)} 6. c4 {
(00:11)} Be7 {(00:44)} 7. N1c3 {(00:48)} a6 {(00:
14)} 8. Na3 {(00:11)} Be6 {(00:15)} 9. Nd5 {(08:51)} Nf6 {
(05:58)} 10. Bd3 {(02:11)} O-O {(01:08)} 11. O-O {(
07:07)} Nd7 {(04:47)} 12. Nc2 {(09:34)} Bg5 {(10:11)} 13.
Qe2 {(29:53)} Rc8 {(05:21)} 14. b4 {(02:52)} Bxc1 {
(03:27)} 15. Raxc1 {(00:37)} Qg5 {(01:43)} 16. Qe3 {
(04:13)} Qh4 {(11:19)} 17. Qg3 {(12:39)} Qxg3 {(07:
27)} 18. hxg3 {(00:26)} Rb8 {(00:37)} 19. Rfd1 {(01:06)}
Rfd8 {(06:15)} 20. Be2 {(01:20)} Nf8 {(05:58)} 21. Rd2 {
(02:40)} f5 {(01:36)} 22. exf5 {(00:54)} Bxd5 {(05:
22)} 23. cxd5 {(01:05)} Ne7 {(00:03)} 24. Ne3 {(00:32)}
Rbc8 {(00:55)} 25. Rdc2 {(00:20)} Rxc2 {(01:20)} 26. Rxc2
{(00:03)} Rc8 {(00:26)} 27. Rxc8 {(01:14)} Nxc8 {(
00:17)} 28. a4 {(03:35)} Kf7 {(00:28)} 29. Nc4 {(00:41)}
Nd7 {(10:30)} 30. a5 {(03:16)} Kf6 {(05:11)} 31. g4 {
(01:15)} b5 {(05:18)} 32. Nd2 {(02:42)} e4 {(00:36]
} 33. f4 {(05:05)} exf3 {(00:13)} 34. Nxf3 {(00:38)} Ne7 {
(00:59)} 35. Nd4 {(00:41)} Nxd5 {(00:41)} 36. Nc2 {
(00:12)} Ne5 {(07:09)} 37. Bf3 {(01:38)} 0-1